 Dungeon Crawl Stone Soup version 0.23.2-30-g0e89c35649 (webtiles) character file.

Game seed: 2593052692579822051

36 Descartes the Grasshopper (level 3, 0/18 HPs)
             Began as a Vine Stalker Warper on June 13, 2019.
             Slain by Natasha (1 damage)
             ... on level 2 of the Dungeon.
             The game lasted 00:03:11 (1652 turns).

Descartes the Grasshopper (Vine Stalker Warper)     Turns: 1652, Time: 00:03:11

Health: 0/18       AC:  5    Str: 14    XL:     3   Next: 37%
Magic:  0/7        EV: 11    Int: 13    God:
Gold:   63         SH:  0    Dex: 13    Spells: 3/7 levels left

rFire    . . .     SeeInvis .   a - +0 hand axe
rCold    . . .     Gourm    .   (no shield)
rNeg     . . .     Faith    .   j - +0 ring mail
rPois    .         Spirit   +   (no helmet)
rElec    .         Reflect  .   (no cloak)
rCorr    .         Harm     .   (no gloves)
MR       .....                  (no boots)
Stlth    +.........             (no amulet)
HPRegen  0.06/turn              (no ring)
MPRegen  0.10/turn              (no ring)

@: no status effects
A: fangs 2, magic shield, antimagic bite, no potion heal 3, rot immunity
a: no special abilities


You were on level 2 of the Dungeon.
You were not hungry.

You visited 1 branch of the dungeon, and saw 2 of its levels.

You collected 63 gold pieces.

Inventory:

Hand Weapons
 a - a +0 hand axe (weapon)
Missiles
 e - 5 tomahawks of dispersal (quivered)
 m - 46 arrows
Armour
 b - a +0 leather armour
 j - a +0 ring mail (worn)
Scrolls
 c - a scroll of noise {unknown}
 d - a scroll of blinking
 g - 2 scrolls of identify {unknown}
 h - a scroll of remove curse {unknown}
 o - a scroll of enchant armour {unknown}
 p - a scroll of teleportation {unknown}
Potions
 i - a potion of brilliance {unknown}
 k - a potion of mutation {unknown}
 l - a potion of haste {unknown}
Comestibles
 f - 7 rations
 n - a chunk of flesh


   Skills:
 + Level 2.0 Fighting
 + Level 2.0 Axes
 - Level 0.8 Throwing
 + Level 1.2 Armour
 + Level 1.8 Dodging
 + Level 1.1 Stealth
 + Level 0.6 Unarmed Combat
 + Level 2.5 Spellcasting
 + Level 0.0 Charms
 + Level 3.0 Translocations


You had 3 spell levels left.
You knew the following spells:

 Your Spells              Type           Power        Failure   Level  Hunger
a - Shroud of Golubria    Chrm/Tloc      #.........   38%         2    ###....
b - Blink                 Tloc           N/A          22%         2    ###....

Your spell library contained the following spells:

 Spells                   Type           Power        Failure   Level  Hunger
 Gell's Gravitas          Tloc           #.........   41%         3    ###....
 Lesser Beckoning         Tloc           #.........   41%         3    ###....
 Teleport Other           Tloc           #.......     41%         3    ###....
 Passage of Golubria      Tloc           N/A          82%         4    #####..


Dungeon Overview and Level Annotations

Branches:
Dungeon (2/15)

Altars:

Annotations:
D:2 Natasha


Innate Abilities, Weirdness & Mutations

You have extremely sharp teeth.
When hurt, damage is shared between your health and your magic reserves.
Your bite disrupts and absorbs the magic of your enemies.
Potions cannot restore your health.
You are immune to rotting.


Message History

There is an open door here.
You close the door.
Natasha opens the door.
Natasha stares at you and mumbles some strange words.
The magic dart hits you!
There is an open door here.
You are too injured to fight recklessly!
You are too injured to fight recklessly!
You are too injured to fight recklessly!
You are too injured to fight recklessly!
You are too injured to fight recklessly!
You are too injured to fight recklessly!
You barely miss Natasha. Natasha casts a spell at you. The magic dart hits you!
* * * LOW HITPOINT WARNING * * *
You closely miss Natasha. Natasha barely misses you.
You hit Natasha. You bite Natasha, but do no damage.
Natasha is moderately wounded.
Natasha claws you. x2
You die...

#.#.###.#.#.#.###.# #...
#.......#.#.).....# ####
###.#####.###.##### ##.## #.#
#.# ♣♣ ##...####.# #.# ##♣.
##.........# #.########...
##......†######.÷...[....♣♣
####.........####...#####.###♣
...'.........@............)..)
####........h####...#.###.###.
##....(..## ##..#.# #.# #.
##.....## ##.#.# #.# #.
##...## #.... ..# #. ....##
###.# ### #. ###..# #.# #.
#..# #.# .. #..# #.# ..


You could see Natasha.

Vanquished Creatures
  A worm (D:2)
  A dart slug (D:2)
  2 leopard geckos (D:1)
  A giant cockroach (D:2)
  2 goblins (D:1)
  5 hobgoblins
  6 kobolds
  A quokka (D:2)
  4 bats (D:1)
  2 frilled lizards
  A rat (D:1)
26 creatures vanquished.

Notes
Turn   | Place    | Note
-------+----------+-------------------------------------------
     0 | D:1      | Descartes the Vine Stalker Warper began the quest for the
                  | Orb.
     0 | D:1      | Reached XP level 1. HP: 11/11 MP: 4/4
   380 | D:1      | Reached XP level 2. HP: 10/15 MP: 3/6
   526 | D:1      | Reached skill level 1 in Armour
  1248 | D:2      | Reached XP level 3. HP: 18/18 MP: 7/7
  1287 | D:2      | Reached skill level 1 in Stealth
  1291 | D:2      | Learned a level 2 spell: Shroud of Golubria
  1294 | D:2      | Learned a level 2 spell: Blink
  1640 | D:2      | Noticed Natasha
  1652 | D:2      | Slain by Natasha

Skill      XL: |  1  2  3 |
---------------+----------+-----
Armour         | 1 |  1.2
Axes           | 2 |  2.0
Fighting       | 2 |  2.0
Stealth        | 1 |  1.1
Throwing       | |  0.8
Dodging        | |  1.8
Unarmed Combat | |  0.6
Spellcasting   | |  2.5
Translocations | |  3.0

Action                   || total
-------------------------++-------
Melee: Hand axe          ||   100
       Bite              ||    17
  Eat: Chunk             ||     3
Armor: Ring mail         ||    39
       Leather armour    ||     2
Dodge: Dodged            ||    67
